 Dungeon Crawl Stone Soup version 0.30-a0-1074-g5db6f66fbb (webtiles) character file.

Game seed: 9692917778789289230

57 hwolsky the Cutter (level 3, -1/27 HPs)
             Began as a Vampire Gladiator on Apr 13, 2023.
             Was a Plaything of Xom.
             Slain by a goblin
             ... wielding a +0 club
             ... led by Robin
              (5 damage)
             ... on level 3 of the Dungeon.
             The game lasted 00:08:40 (1970 turns).

hwolsky the Cutter (Vampire Gladiator)              Turns: 1970, Time: 00:08:41

Health: -1/27      AC: 11    Str: 15    XL:     3   Next: 73%
Magic:  3/3        EV:  5    Int: 10    God:    Xom [..*...]
Gold:   103        SH:  0    Dex: 15    Spells: 2/2 levels left

rFire   . . .      SeeInvis +    a - +0 rapier
rCold   . . .      Faith    .    (no shield)
rNeg    . . .      Spirit   .    l - +0 plate armour
rPois   .          Reflect  .    c - +0 helmet
rElec   .          Rampage  .    (no cloak)
rCorr   .                        (no gloves)
Will    .....                    (no boots) Stlth
                                 (no amulet)
HPRegen 0.44/turn                (no ring)
MPRegen 0.08/turn                (no ring)

@: healing quickly
A: alive, fangs 3, see invisible, vampiric 2
a: Exsanguinate, Renounce Religion


You were on level 3 of the Dungeon.
You worshipped Xom.
You were a toy of Xom.
You visited 1 branch of the dungeon, and saw 3 of its levels.

You collected 103 gold pieces.

Inventory:

Hand Weapons
 a - a +0 rapier (weapon)
Missiles
 d - 2 throwing nets (quivered)
 e - a javelin
Armour
 b - a +0 leather armour
 c - a +0 helmet (worn)
 l - a +0 plate armour (worn)
Jewellery
 n - a ring of protection from cold
Scrolls
 f - 2 scrolls of identify
 h - a scroll of noise
 k - 2 scrolls of teleportation
 s - a scroll of fear {unknown}
Potions
 g - a potion of resistance
 i - 2 potions of curing
 j - 2 potions of might
 m - a potion of invisibility
 o - 3 potions of haste
 p - a potion of lignification {unknown}
 q - a potion of attraction {unknown}
 r - a potion of magic {unknown}


   Skills:
 + Level 2.2 Fighting
 * Level 3.9 Short Blades
 - Level 1.9 Throwing
 * Level 1.0 Armour
 + Level 3.7 Dodging


You had 2 spell levels left.
You didn't know any spells.
Your spell library was empty.

Dungeon Overview and Level Annotations

Branches:
Dungeon (3/15)

Altars:
Xom

Annotations:
D:3 Robin


Innate Abilities, Weirdness & Mutations

Your natural rate of healing is accelerated.
You have razor-sharp teeth.
You have supernaturally acute eyesight. (SInv)
You are afflicted with vampirism and can become a bat while bloodless.


Message History

The goblin hits you with a +0 club.
You puncture the goblin!
You kill the goblin!
Robin roars a battlecry!
The goblins go into a battle-frenzy!
The goblin hits you but does no damage. The goblin hits you but does no damage.
You see here a +0 club.
You hit the goblin.
You kill the goblin!
The hobgoblin barely misses you.
Your Armour skill increases to level 1!
The hobgoblin hits you.
You see here a +0 dagger.
You hit the hobgoblin but do no damage. You barely miss Robin.
The hobgoblin hits you but does no damage.
Robin throws the goblin at you!
You hit Robin but do no damage.
The hobgoblin hits you but does no damage.
The goblin hits you but does no damage. Robin hits you with a +0 mace.
Robin hits you but does no damage. The goblin hits you with a +0 club.
The hobgoblin hits you.
You barely miss Robin.
The hobgoblin hits you but does no damage.
The goblin barely misses you. Robin barely misses you.
You hit Robin but do no damage. You bite Robin, but do no damage.
The goblin hits you but does no damage. Robin hits you but does no damage.
The hobgoblin hits you but does no damage.
You barely miss Robin. The hobgoblin barely misses you.
The goblin hits you but does no damage. Robin hits you with a +0 mace.
You hit Robin. You bite Robin.
Robin is severely wounded.
The goblin barely misses you. Robin hits you with a +0 mace.
* * * LOW HITPOINT WARNING * * *
The hobgoblin hits you.
* * * LOW HITPOINT WARNING * * *
You emit a cloud of colourful smoke!
The goblin hits you with a +0 club.
You die...

#######...#.........#########
#.##..........#
#.##.##...##.##
#.##.##...##.# #.##. ....##.#
#.#####..###.# #.. .....# #.#
#g§###.# #@§g...# ##g#####
######(####### #....†.......#
#.####.#..##.# #.........#
#.##.........# #......#...
#......##.#


You could see Robin, a hobgoblin (strong) and a goblin (strong).

Vanquished Creatures
  4 worms
  A dart slug (D:1)
  5 bats
  3 endoplasms
  4 giant cockroaches
  10 goblins
  5 hobgoblins
  A kobold (D:2)
  2 frilled lizards (D:1)
  4 rats
39 creatures vanquished.

Vanquished Creatures (others)
  6 fungi (D:3)
  10 plants (D:1)
  3 toadstools (D:3)
  11 withered plants (D:1)
30 creatures vanquished.

Grand Total: 69 creatures vanquished

Notes
Turn   | Place    | Note
-------+----------+-------------------------------------------
     0 | D:1      | hwolsky the Vampire Gladiator began the quest for the Orb.
     0 | D:1      | Reached XP level 1. HP: 16/16 MP: 1/1
   161 | D:1      | Reached XP level 2. HP: 22/22 MP: 2/2
   489 | D:1      | Found a faded altar of an unknown god.
   651 | D:1      | Prayed at the altar of an unknown god.
   651 | D:1      | Became a worshipper of Xom of Unknown Intention
  1080 | D:2      | XOM: divination: detect creatures
  1109 | D:2      | XOM: silly message
  1136 | D:2      | XOM: noise
  1236 | D:2      | Gained mutation: You are afflicted with vampirism and can
                  | become a bat while bloodless. [Vampire growth]
  1236 | D:2      | Reached XP level 3. HP: 27/27 MP: 3/3
  1371 | D:2      | XOM: divination: detect items
  1926 | D:3      | XOM: snakes to sticks
  1932 | D:3      | Noticed Robin
  1939 | D:3      | XOM: noise
  1956 | D:3      | XOM: silly message
  1962 | D:3      | Reached skill level 1 in Armour
  1969 | D:3      | XOM: smoke on damage
  1970 | D:3      | Slain by a goblin

Illustrated notes

Levels and vault maps discovered:
D:1:      eino_arrival_cavern_d, layout_basic,
          shapermc_ecumenical_altar_flowoftime
D:2:      layout_basic, serial_rivers, chequers_serial_rivers_micro_c,
          chequers_serial_rivers_micro_c, chequers_serial_rivers_micro_d,
          chequers_serial_rivers_micro_a, chequers_serial_rivers_micro_c,
          chequers_serial_rivers_room_a, st_stairs_11,
          minmay_misc_feat_nine_boxes, minmay_misc_feat_rugged
D:3:      layout_loops_corners, amcnicky_altar_gilded, nicolae_overflow_squiral,
          trog_butcher_becter, nrook_loot_triangle, minmay_gold_behind_fungi,
          kennysheep_generic_room_9, uniq_jessica, uniq_terence, uniq_robin

Skill      XL: |  1  2  3 |
---------------+----------+-----
Fighting       | 2 |  2.2
Armour         | 1 |  1.0
Short Blades   | |  3.9
Throwing       | |  1.9
Dodging        | |  3.7

Action                     || total
---------------------------++-------
  Melee: Rapier            ||   240
         Bite              ||    31
         Punch             ||     1
  Throw: Throwing net      ||     1
    Use: Scroll            ||     8
         Potion            ||     1
 Armour: Leather armour    ||    14
         Plate armour      ||    85
  Dodge: Dodged            ||    62

Table legend: (Time is in decaauts)
 A = Elapsed time spent in this place.
 B = Non-inter-level travel time spent in this place.
 C = Inter-level travel time spent in this place.
 D = Time resting spent in this place.
 E = Time spent auto-exploring this place.
 F = Levels seen in this place.
 G = Mean time per level.
                   A        B        C        D        E       F      G
               +--------+--------+--------+--------+--------+-----+--------+
         Total |   1988 |   1856 |    132 |      0 |    756 |   3 |  662.7 |
       Dungeon |   1988 |   1856 |    132 |      0 |    756 |   3 |  662.7 |
               +--------+--------+--------+--------+--------+-----+--------+

Top non-repeatable levels by time:
     D:1: 1001 daAuts
     D:2: 803 daAuts
     D:3: 182 daAuts
